 Dungeon Crawl Stone Soup version 0.29-a0-106-g0a07039d5a (webtiles) character file.

Game seed: 585993200833614540

5 YayAnonymity the Sneak (level 1, -2/11 HPs)
             Began as an Octopode Enchanter on Feb 16, 2022.
             Slain by a jackal (3 damage)
             ... on level 1 of the Dungeon.
             The game lasted 00:01:08 (313 turns).

YayAnonymity the Sneak (Octopode Enchanter)          Turns: 313, Time: 00:01:09

Health: -2/11      AC:  1    Str:  7    XL:     1   Next: 80%
Magic:  3/3        EV: 12    Int: 17    God:
Gold:   8          SH:  3    Dex: 12    Spells: 4/4 levels left

rFire   . . .      SeeInvis .   a - +1 dagger
rCold   . . .      Faith    .   c - +0 buckler
rNeg    . . .      Spirit   .   (helmet restricted)
rPois   .          Reflect  .   (no amulet)
rElec   .          Harm     .   (no ring)
rCorr   .          Rampage  .   (no ring)
Will    .....                   (no ring)
Stlth   +++.......              (no ring)
HPRegen 0.03/turn               (no ring)
MPRegen 0.08/turn               (no ring)
                                (no ring)
                                (no ring)

@: no status effects
A: almost no armour, amphibious, 8 rings, camouflage 1, gelatinous body 1,
(nimble swimmer 1), tentacles
a: no special abilities


You were on level 1 of the Dungeon.
You visited 1 branch of the dungeon, and saw 1 of its levels.

You collected 8 gold pieces.

Inventory:

Hand Weapons
 a - a +1 dagger (weapon)
 b - a +0 hunting sling
Missiles
 d - 41 stones (quivered)
Armour
 c - a +0 buckler (worn)
Potions
 e - a potion of heal wounds {unknown}
 f - a potion of invisibility


   Skills:
 + Level 1.1 Short Blades
 - Level 2.0 Dodging
 + Level 4.1 Stealth
 * Level 0.4 Shields
 + Level 2.0 Spellcasting
 + Level 3.0 Hexes


You had 4 spell levels left.
You didn't know any spells.
Your spell library contained the following spells:

 Spells                   Type           Power      Damage    Failure   Level
 Ensorcelled Hibernation  Hex/Ice        12%        N/A       22%         2
 Confusing Touch          Hex            12%        N/A       22%         3
 Tukima's Dance           Hex            12%        N/A       22%         3
 Dazzling Flash           Conj/Hex       12%        N/A       38%         3


Dungeon Overview and Level Annotations

Branches:
Dungeon (1/15)

Altars:


Innate Abilities, Weirdness & Mutations

You cannot wear most types of armour.
You are amphibious.
You can wear up to eight rings at the same time.
Your skin changes colour to match your surroundings (Stealth+).
Your rubbery body absorbs attacks. (AC +1, EV +1)
((You are camouflaged when in or above water. (Stealth+)))
You have tentacles for arms and can constrict up to eight enemies at once.


Message History

The goblin barely misses you. The goblin hits you but does no damage.
You closely miss the goblin. Your grab misses the goblin.
The goblin is heavily wounded.
The goblin barely misses you.
You hit the goblin but do no damage. Your grab misses the goblin.
The goblin is heavily wounded.
The goblin hits you with a +0 club.
You hit the goblin.
You kill the goblin!
You closely miss the hobgoblin. You grab the hobgoblin.
You constrict the hobgoblin, but do no damage.
The hobgoblin completely misses you.
You hit the hobgoblin but do no damage. You squeeze the hobgoblin.
You kill the hobgoblin!
The jackal closely misses you.
You hit the jackal but do no damage. Your grab misses the jackal.
The jackal closely misses you.
You hit the jackal but do no damage. You grab the jackal.
You constrict the jackal, but do no damage.
The jackal bites you. The jackal barely misses you.
You hit the jackal but do no damage.
You constrict the jackal, but do no damage.
The jackal bites you.
You hit the jackal.
The jackal is severely wounded.
You constrict the jackal.
The jackal bites you but does no damage.
The jackal closely misses you.
You hit the jackal but do no damage.
The jackal is almost dead.
You constrict the jackal, but do no damage.
The jackal bites you.
* * * LOW HITPOINT WARNING * * *
You hit the jackal but do no damage.
The jackal is severely wounded.
You constrict the jackal, but do no damage.
The jackal bites you.
* * * LOW HITPOINT WARNING * * *
The jackal bites you.
You die...

#.
#########..h..
#............#
#.###.##..g..###
#.# #.# ..g.....
#.# #.# ......
#.# #.#
#...####. #.#
#.###.....r..
#.# #.@h....#
#.# ######.##
#.# .# #.# .#
#.#####.. .#
...# #.....#.#
## #..#
#####.#.# #.>#
#.#.# #..# #.#.#
#...


You could see a jackal.

Vanquished Creatures
  A ball python (D:1)
  A goblin (D:1)
  A hobgoblin (D:1)
  A bat (D:1)
  A kobold (D:1)
5 creatures vanquished.

Notes
Turn   | Place    | Note
-------+----------+-------------------------------------------
     0 | D:1      | YayAnonymity the Octopode Enchanter began the quest for the
                  | Orb.
     0 | D:1      | Reached XP level 1. HP: 11/11 MP: 3/3
   313 | D:1      | Slain by a jackal

Illustrated notes

Levels and vault maps discovered:
D:1:      dpeg_arrival_rooms_b, layout_loops_ring

Action                   || total
-------------------------++-------
Melee: Dagger            ||    22
       Constrict         ||     6
       Tentacles         ||     2
Armor: Skin              ||     5
Dodge: Dodged            ||    13
Block: Buckler           ||     2

Table legend: (Time is in decaauts)
 A = Elapsed time spent in this place.
 B = Non-inter-level travel time spent in this place.
 C = Inter-level travel time spent in this place.
 D = Time resting spent in this place.
 E = Time spent auto-exploring this place.
 F = Levels seen in this place.
 G = Mean time per level.
                   A        B        C        D        E       F      G
               +--------+--------+--------+--------+--------+-----+--------+
         Total |    313 |    313 |      0 |      0 |    237 |   1 |  313.0 |
       Dungeon |    313 |    313 |      0 |      0 |    237 |   1 |  313.0 |
               +--------+--------+--------+--------+--------+-----+--------+

Top non-repeatable levels by time:
     D:1: 313 daAuts
